 Dungeon Crawl Stone Soup version 0.20.1-1-g8b1a95d (webtiles) character file.

308 manon the Cudgeler (level 6, -4/37 HPs)
             Began as a Gargoyle Fighter on Sept 10, 2017.
             Killed by divine providence
             ... invoked by an orc priest
              (12 damage)
             ... on level 4 of the Dungeon.
             The game lasted 00:09:08 (2426 turns).

manon the Cudgeler (Gargoyle Fighter)               Turns: 2426, Time: 00:09:08

Health: -4/37      AC: 11    Str: 26    XL:     6   Next: 40%
Magic:  6/6        EV:  7    Int:  9    God:
Gold:   122        SH: 10    Dex:  9    Spells: 5/5 levels left

rFire    . . .     SeeInvis .   a - +0 flail
rCold    . . .     Gourm    .   c - +0 shield
rNeg     + . .     Faith    .   b - +0 scale mail
rPois    ∞         Spirit   .   (no helmet)
rElec    +         Reflect  .   (no cloak)
rCorr    .         Harm     .   (no gloves)
MR       .....                  (no boots)
Stlth    ..........             (no amulet)
Regen    0.2/turn               (no ring)
MPRegen  0.1/turn               (no ring)

@: mighty
A: negative energy resistance 1, electricity resistance, unbreathing,
petrification resistance, rot immunity, AC +4
a: no special abilities


You were on level 4 of the Dungeon.
You were not hungry.

You visited 1 branch of the dungeon, and saw 4 of its levels.

You collected 122 gold pieces.

Inventory:

Hand Weapons
 a - a +0 flail (weapon)
 F - a +0 blowgun
Missiles
 y - 16 sling bullets
 G - 14 poisoned needles
Armour
 b - a +0 scale mail (worn)
 c - a +0 shield (worn)
 p - a +2 shield
 C - a +0 helmet
Jewellery
 l - a +3 ring of protection {unknown}
 v - a +6 ring of dexterity {unknown}
 E - an uncursed ring of wizardry {unknown}
Scrolls
 e - 4 scrolls of enchant armour {unknown}
 h - 2 scrolls of amnesia {unknown}
 i - 2 scrolls of remove curse {unknown}
 j - 2 scrolls of magic mapping {unknown}
 m - a scroll of teleportation {unknown}
 o - a scroll of recharging {unknown}
 r - 3 scrolls of identify {unknown}
 t - a scroll of enchant weapon {unknown}
Potions
 g - 2 potions of curing {unknown}
 k - a potion of haste {unknown}
 q - a potion of lignification {unknown}
 s - 3 potions of invisibility {unknown}
 w - a potion of degeneration {unknown}
 x - 2 potions of heal wounds {unknown}
 z - a potion of cancellation {unknown}
 A - a potion of ambrosia {unknown}
 B - a potion of agility {unknown}
Comestibles
 f - 2 bread rations
 n - 3 meat rations
 u - 3 royal jellies
 D - 2 chunks of flesh


   Skills:
 - Level 3.2 Fighting
 * Level 5.2 Maces & Flails
 + Level 4.7 Armour
 + Level 4.2 Shields


You had 5 spell levels left.
You didn't know any spells.

Dungeon Overview and Level Annotations

Branches:
Dungeon (4/15)
 Temple: D:4-7

Altars:
Uskayaw
The Shining One


Innate Abilities, Weirdness & Mutations

You are resistant to torment.
Your stone body is resilient. (AC +4)
You are immune to poison.
You resist negative energy. (rN+)
You are resistant to electric shocks. (rElec)
You can survive without breathing.
You are immune to petrification.
You are immune to rotting.


Message History

The orc priest shouts!
The orc priest hits you but does no damage.
You barely miss the orc priest.
The orc priest is heavily wounded.
The orc priest hits you.
* * * LOW HITPOINT WARNING * * *
The orc priest calls upon Beogh to heal the orc priest.
The orc priest is healed somewhat.
The orc priest barely misses you.
You feel very mighty all of a sudden.
The orc priest calls upon Beogh to heal the orc priest.
The orc priest's wounds heal themselves!
The orc priest closely misses you.
You hit the orc priest.
The orc priest is heavily wounded.
The orc priest closely misses you.
You hit the orc priest.
The orc priest is almost dead.
The orc priest calls down the wrath of Beogh upon you.
Beogh smites you!
You die...

####.....#
.........#
#.?......#
#........#
#....o...#
..?..#...##
#### . o..
#..#.# #..#
....#####)#.#
#..#
......oo@...#
#..#
?...#####...#
#..# . ##..#
#..#
#..###..#
#.....<.#
#...##.)#
#.>.##..####
#...##..)..#
#...##.###.#


You could see 2 orc priests.

Vanquished Creatures
  A crimson imp (D:3)
  3 orc priests
  An orc wizard (D:3)
  4 adders
  An ooze (D:1)
  A worm (D:2)
  A dart slug (D:1)
  3 leopard geckos
  15 orcs
  2 ball pythons
  11 bats
  4 giant cockroaches
  11 goblins
  5 hobgoblins
  11 jackals
  8 kobolds
  4 frilled lizards
  9 rats
95 creatures vanquished.

Notes
Turn   | Place    | Note
-------+----------+-------------------------------------------
     0 | D:1      | manon the Gargoyle Fighter began the quest for the Orb.
     0 | D:1      | Reached XP level 1. HP: 14/14 MP: 1/1
    93 | D:1      | Reached XP level 2. HP: 12/19 MP: 2/2
   246 | D:1      | Found a glowing golden altar of the Shining One.
   330 | D:1      | Reached skill level 3 in Maces & Flails
   344 | D:1      | Reached XP level 3. HP: 17/23 MP: 3/3
   911 | D:2      | Reached XP level 4. HP: 21/28 MP: 4/4
  1220 | D:2      | Found a hide-covered altar of Uskayaw.
  1492 | D:2      | Reached skill level 4 in Maces & Flails
  1666 | D:3      | Reached XP level 5. HP: 31/32 MP: 5/5
  2271 | D:3      | Reached XP level 6. HP: 28/37 MP: 6/6
  2287 | D:3      | Reached skill level 5 in Maces & Flails
  2426 | D:4      | Killed from afar by an orc priest

Skill      XL: |  1  2  3  4  5  6 |
---------------+-------------------+-----
Maces & Flails | 3 4 5 |  5.2
Armour         | 4 |  4.7
Shields        | 4 |  4.2
Fighting       | |  3.2

Action                   |  1- 3 |  4- 6 || total
-------------------------+-------+-------++-------
Melee: Flail             |   148 |   366 ||   514
  Use: Potion            |       |     1 ||     1
  Eat: Chunk             |       |     6 ||     6
Armor: Scale mail        |    76 |   172 ||   248
Dodge: Dodged            |    67 |   109 ||   176
Block: Shield            |    79 |   192 ||   271
